Cogmind - Beta 15 @@@ ROGUE MODE // 2025.08.26 @ 09:33:08 Player: winnking222 Result: Destroyed by D-53 Grenadier with Mini Grenade Launcher Performance ------------- Evolutions (0) 0 Regions Visited (2) 400 Robots Destroyed (24) 120 Value Destroyed (407) 407 Prototype IDs (0) 0 Alien Tech Used (0) 0 Bonus (-19) -19 TOTAL SCORE: 908 Bonus ------- Follower Combat Kills 21 Friendly Fire -40 Cogmind --------- Core Integrity 0/250 Matter 242/300 Energy 250/250 System Corruption 1% Temperature Cool (0) Movement Walking (120) Location -10/Mines Parts ------- > --- POWER (1) -------- Ion Engine > --- PROPULSION (2) --- Flexi-carbon Leg > --- UTILITY (2) ------ Medium Storage Unit Light Armor Plating > --- WEAPON (2) ------- Light Assault Rifle Light Assault Rifle > --- INVENTORY (10) --- Light Ion Engine Fission Core Aluminum Leg Compact Wheel Huge Storage Unit Seismic Detector Seismic Detector Peak State ------------ > --- POWER ------------ Ion Engine > --- PROPULSION ------- Aluminum Leg Flexi-carbon Leg > --- UTILITY ---------- Medium Storage Unit Light Armor Plating > --- WEAPON ----------- Light Assault Rifle Light Assault Rifle > --- INVENTORY -------- Light Ion Engine Fission Core Aluminum Leg Compact Wheel Huge Storage Unit Seismic Detector Seismic Detector [Rating: 12] Favorites ----------- Power Ion Engine Engine Ion Engine Propulsion Aluminum Leg Leg Aluminum Leg Utility Medium Storage Unit Device Seismic Detector Storage Medium Storage Unit Protection Light Armor Plating Weapon Light Assault Rifle Ballistic Gun Light Assault Rifle Launcher Grenade Launcher Build | -11 -10 -10 ------- Run | Yrd Mat Min Slots Evolved . | . . . Power . | . . . Propulsion . | . . . Utility . | . . . Weapon . | . . . Parts Attached 13 | 7 4 2 Power 1 | 1 . . Engine 1 | 1 . . Core . | . . . Reactor . | . . . Propulsion 3 | 2 . 1 Treads . | . . . Leg 3 | 2 . 1 Wheel . | . . . Hover . | . . . Flight . | . . . Utility 5 | 2 2 1 Device 1 | 1 . . Storage 2 | 1 1 . Processor . | . . . Hackware . | . . . Protection 2 | . 1 1 Artifact . | . . . Weapon 4 | 2 2 . Energy Gun . | . . . Energy Cannon . | . . . Ballistic Gun 3 | 2 1 . Ballistic Cannon . | . . . Launcher 1 | . 1 . Special Weapon . | . . . Impact Weapon . | . . . Slashing Weapon . | . . . Piercing Weapon . | . . . Special Melee Weapon . | . . . Unidentified Prototypes . | . . . Parts Lost 4 | . . 4 Power . | . . . Propulsion 2 | . . 2 Utility 1 | . . 1 Weapon 1 | . . 1 Highest Loss Streak 2 | . . 2 To Critical Strikes . | . . . Average Backups 7 | 4 7 8 Power 1 | . 1 1 Propulsion 2 | 2 2 2 Utility 2 | . 3 3 Weapon 1 | 1 1 1 Tool/Special . | . . . Unused Backups 9 | . 3 6 Power 2 | . . 2 Propulsion 4 | . 2 2 Utility 2 | . . 2 Weapon 1 | . 1 . Tool/Special . | . . . Average Slot Usage (%) 94 | . 100 85 Engine 14 | . 14 14 Leg 23 | . 28 14 Device 3 | . 4 . Storage 14 | . 14 14 Protection 10 | . 9 14 Ballistic Gun 25 | . 24 27 Launcher 2 | . 3 . Peak Build Rating 12 | 7 7 12 Average Rating 6 | 5 7 6 On Entrance 4 | . 7 7 Naked Turns . | . . . Heaviest Build 22 | 13 22 20 Greatest Support 30 | 20 20 30 Greatest Overweight (x) 3 | 3 1 1 Average Overweight (x) . | . . . Largest Inventory Capacity 10 | 8 10 10 Average Capacity 9 | 7 9 10 Most Carried 9 | 7 9 9 Average Carried 7 | 4 7 8 Final Capacity 10 | 8 10 10 Final Carried 9 | 6 9 7 Class Distribution -------------------- 100% | Mutant Dominant Class ---------------- Mutant | -10/Materials Mutant | -10/Mines Resources | -11 -10 -10 ----------- Run | Yrd Mat Min Matter Collected 706 | 296 267 143 Remotely . | . . . Salvage Created 699 | 113 530 56 Parts 49 | 7 42 . Haulers Intercepted 1 | . 1 . Recyclers Shooed 2 | . 2 . Parts Field Recycled . | . . . Retrieved Matter . | . . . Parts Self-Destructed . | . . . Prevented . | . . . Kills | -11 -10 -10 ------- Run | Yrd Mat Min Combat Hostiles Destroyed 32 | . 13 19 Guns 8 | . 6 2 AOE 24 | . 7 17 Classes Destroyed 8 | 2 5 1 Worker 3 | . 3 . Tunneler 2 | 2 . . Hauler 1 | . 1 . Recycler 4 | 1 2 1 Watcher 1 | . 1 . Swarmer 5 | . 5 . Grunt 8 | . 8 . Assembled 19 | . . 19 Best Kill Streak 20 | 3 5 20 Combat Bots Only 18 | . 4 18 Max Kills in Single Turn 8 | 1 2 8 Gunslinging . | . . . Exploded 8 | . 1 8 Melee . | . . . Uniques/NPCs Destroyed . | . . . Combat | -11 -10 -10 -------- Run | Yrd Mat Min Hostile Shots Fired 75 | . 30 45 Missed 26 | . 11 15 Hits 49 | . 19 30 Melee 1 | . . 1 Projectile 48 | . 19 29 AOE 2 | . . 2 Critical Strikes 2 | . 1 1 Damage Taken 806 | . 213 593 Core 251 | . 42 209 Absorbed by Shields . | . . . Core Remaining (%) 100 | 100 . . Volleys Fired 75 | 13 42 20 Largest 2 | 2 2 2 Hottest 50 | 40 50 40 Shots Fired 128 | 26 72 30 Gun 103 | 26 56 21 Cannon . | . . . Launcher 25 | . 16 9 Special . | . . . Kinetic 103 | 26 56 21 Thermal . | . . . Explosive 25 | . 16 9 Electromagnetic . | . . . Robot Hit Streak 10 | 5 6 10 Robot Miss Streak 2 | 2 2 2 Penetration Max . | . . . Secondary Targets 2 | . 1 1 Max Gunslinging Chain 1 | . 1 1 Shots Hit Robots 71 | 17 39 15 Core Hits 90 | 6 38 46 Critical Kills . | . . . Critical Parts Destroyed . | . . . Critical Strikes . | . . . Melee Attacks . | . . . Impact . | . . . Slashing . | . . . Piercing . | . . . Sneak Attacks . | . . . Combat Hostiles . | . . . Follow-up Attacks . | . . . Damage Inflicted 2319 | 141 977 1201 Guns 530 | 141 261 128 Cannons . | . . . Explosions 1784 | . 714 1070 Melee . | . . . Ramming 5 | . 2 3 Kinetic 530 | 141 261 128 Thermal . | . . . Explosive 1784 | . 714 1070 Electromagnetic . | . . . Impact . | . . . Slashing . | . . . Piercing . | . . . Highest Corruption 1 | . 1 1 Average Corruption 1 | . 1 1 Corruption Purged . | . . . Corruption Blocked . | . . . Effects 4 | . . 4 Matter Fused 2 | . . 2 Energy Discharges 1 | . . 1 Parts Rejected 1 | . . 1 Overload Shots . | . . . Overflow Damage 19 | . . 19 Projectiles . | . . . Explosions 19 | . . 19 Melee . | . . . Knockbacks . | . . . Impact . | . . . Kinetic . | . . . Secondary . | . . . Self-Inflicted Damage 38 | . 14 24 Shots 2 | . 1 1 Rammed . | . . . Targets Rammed 3 | . 2 1 Kicked 3 | . 2 1 Crushed . | . . . Highest Temperature 16 | . 16 12 Average Temperature 7 | . 7 6 Received Heat Transfer 72 | . 72 . Siege Activations . | . . . Martial Activations . | . . . Shielding Activations . | . . . Robots Disrupted . | . . . Combat Hostiles . | . . . Robots Corrupted . | . . . Combat Hostiles . | . . . Parts Fried . | . . . Impact Corruptions . | . . . Robots Melted . | . . . Combat Hostiles . | . . . Parts Melted . | . . . Heat Transferred . | . . . Parts Sabotaged . | . . . Parts Stolen . | . . . Parts Stripped . | . . . Power Chain Reactions . | . . . Alert | -11 -10 -10 ------- Run | Yrd Mat Min Maximum Alert Level 1 | . 1 . Low Security (%) 93 | 100 87 100 Level 1 6 | . 12 . Level 2 . | . . . Level 3 . | . . . Level 4 . | . . . Level 5 . | . . . High Security . | . . . Max Security . | . . . Peak Influence 231 | 10 231 98 Initial 80 | . . 80 Average 59 | 1 90 21 Influence Increases 589 | 15 459 115 Destroy 0b10 Robot/C 320 | . 260 60 Destroy 0b10 Robot/NC 55 | 15 35 5 Destroy Leader 64 | . 54 10 Allied During Kill 9 | . . 9 Successful Hack 6 | . 6 . Destroy Structure 120 | . 89 31 Lose Combat Pursuer 15 | . 15 . Influence Decreases 543 | 15 252 276 Entered New Map 127 | . . 127 Time Decay 366 | 15 252 99 Lost Part 30 | . . 30 Lost Ally 20 | . . 20 Squads Dispatched 3 | . 3 . Investigation 1 | . 1 . Extermination . | . . . Reinforcement 2 | . 2 . Assault . | . . . Garrison . | . . . Intercept . | . . . Searches Triggered . | . . . Construction Impeded . | . . . Haulers Reinforced . | . . . Active Scanning Responses . | . . . Cargo Convoy Interrupts . | . . . Stealth | -11 -10 -10 --------- Run | Yrd Mat Min Distress Signals 1 | . 1 . Communications Jammed . | . . . Distress Signals . | . . . Times Spotted 46 | . 21 25 Peak Tracking Total 20 | . 3 20 Tactical Retreats 1 | . 1 . Traps | -11 -10 -10 ------- Run | Yrd Mat Min Traps Triggered 1 | . 1 . Indirectly . | . . . Trap Hack Attempts . | . . . Triggered . | . . . Disarmed . | . . . Reprogrammed . | . . . Reused . | . . . Traps Extracted . | . . . Installed . | . . . Triggered . | . . . Machines | -11 -10 -10 ---------- Run | Yrd Mat Min Machines Disabled . | . . . Max in Single Turn . | . . . Machines Repaired . | . . . Machines Dismantled . | . . . Machines Sabotaged . | . . . Overloaded Fab Kills . | . . . Hacking | -11 -10 -10 --------- Run | Yrd Mat Min Machines Accessed 3 | . 3 . Terminals 3 | . 3 . Fabricators . | . . . Repair Stations . | . . . Recycling Units . | . . . Scanalyzers . | . . . Garrison Access . | . . . Total Hacks 11 | . 11 . Successful 6 | . 6 . Failed 5 | . 5 . Catastrophic . | . . . Database Lockouts . | . . . Manual 11 | . 11 . Terminals 11 | . 11 . Fabricators . | . . . Repair Stations . | . . . Recycling Units . | . . . Scanalyzers . | . . . Garrison Access . | . . . Terminal Hacks . | . . . Fabricator Hacks . | . . . Repair Station Hacks . | . . . Recycling Unit Hacks . | . . . Scanalyzer . | . . . Garrison Access Hacks . | . . . Unauthorized Hacks 6 | . 6 . Terminals 6 | . 6 . Botnet 3 | . 3 . Skim 3 | . 3 . Fabricators . | . . . Repair Stations . | . . . Recycling Units . | . . . Scanalyzers . | . . . Garrison Access . | . . . Data Cores Recovered . | . . . Used . | . . . Hacking Detections 3 | . 3 . Full Trace Events 2 | . 2 . Feedback Events . | . . . Feedback Blocked . | . . . Robot Schematics Acquired . | . . . Robots Built . | . . . Authchips . | . . . Time . | . . . Total Robot Build Rating . | . . . Part Schematics Acquired . | . . . Parts Built . | . . . Authchips . | . . . Time . | . . . Total Part Build Rating . | . . . Parts Repaired . | . . . Time . | . . . Parts Recycled . | . . . Recycled Matter . | . . . Retrieved Matter . | . . . Retrieved Components . | . . . Parts Scanalyzed . | . . . Part Schematics Acquired . | . . . Parts Damaged . | . . . Bothacking | -11 -10 -10 ------------ Run | Yrd Mat Min Used RIF Installer . | . . . Robots Hacked . | . . . Non-combat . | . . . Combat . | . . . Robot Hacks Applied . | . . . Relay Couplers Released . | . . . Fabnet Peak Effective % . | . . . Robots Rewired . | . . . Allies Hacked . | . . . Hacks Repelled . | . . . Allies | -11 -10 -10 -------- Run | Yrd Mat Min Total Allies 3 | . . 3 Largest Group 3 | . . 3 Highest-Rated Group 40 | . . 40 Highest-Rated Ally 16 | . . 16 Total Orders . | . . . Ally Attacks 9 | . . 9 Total Damage 73 | . . 73 Kills 3 | . . 3 Allies Corrupted . | . . . Allies Melted . | . . . Intel | -11 -10 -10 ------- Run | Yrd Mat Min Active Infowar (turns) 282 | 19 263 . Seismic 282 | 19 263 . Robot Analysis Total . | . . . Derelict Logs Recovered 1 | . . 1 Drone Launches . | . . . Drone Recoveries . | . . . Exploration | -11 -10 -10 ------------- Run | Yrd Mat Min Turns Passed 1375 | 127 783 465 Spaces Moved 749 | 69 468 212 Core 21 | 21 . . Treads . | . . . Legs 728 | 48 468 212 Wheels . | . . . Hover . | . . . Flight . | . . . Fastest Speed 50 | 50 120 120 Average Speed 145 | 108 131 188 Slowest Speed 200 | 200 190 190 Overloaded Moves . | . . . Propulsion Burnouts . | . . . Robots Hopped . | . . . Potential Cave-ins . | . . . Cave-ins Triggered . | . . . Exploration Rate (%) 42 | 4 79 43 Regions Visited 2 Branch Regions 1 Pre-discovered Areas . | . . . Known Exits Taken . | . . . Unknown Exits Taken 2 | 1 1 . Scrap Searched 1 | . . 1 Spaces Dug 3 | . 3 . Terrain Destroyed 172 | . 109 63 Melee . | . . . Projectile . | . . . AOE 172 | . 109 63 Terrain Rammed . | . . . Walls Destroyed . | . . . Machines Disabled . | . . . Actions | -11 -10 -10 --------- Run | Yrd Mat Min Total 922 | 99 573 250 Wait 52 | . 44 8 Move 747 | 68 467 212 Hop . | . . . Pick Up 19 | 11 6 2 Fast Attach 2 | 2 . . Attach 9 | 5 . 4 Detach . | . . . Swap 11 | . 8 3 Drop 4 | . 4 . Fire 75 | 13 42 20 Melee . | . . . Ram . | . . . Kick 3 | . 2 1 Crush . | . . . Escape Stasis . | . . . Rewire . | . . . Trap . | . . . Miscellaneous . | . . . Route ------- -11/Scrapyard -10/Materials (discovered 4 exits: [*Mat x3] / [*Min]) -10/Mines (discovered 2 exits: [*Mat x2]) History --------- Turn | Location | Event 5 | -11/Scrapyard | Discovered new exit (range 15) 128 | -11/Scrapyard | Entered Materials 306 | -10/Materials | Build established: Mutant 399 | -10/Materials | Discovered new exit (range 11) 758 | -10/Materials | Discovered new exit (range 16) 869 | -10/Materials | Discovered new exit (range 12) 892 | -10/Materials | Discovered new exit (range 16) 911 | -10/Materials | Entered Mines 912 | -10/Mines | Assembled infested the area 917 | -10/Mines | Assisted by a Guerilla fighting off Assembled 930 | -10/Mines | Core integrity fell below 50% 958 | -10/Mines | Destroyed 18 combat bots 959 | -10/Mines | Core integrity fell below 20% 1055 | -10/Mines | Discovered new exit (range 8) 1228 | -10/Mines | Discovered new exit (range 4) 1270 | -10/Mines | Assisted by bots powering up and referring to "LRC-V3" 1376 | -10/Mines | Destroyed by D-53 Grenadier with Mini Grenade Launcher Last Messages --------------- 01062_ Found 64 Matter. 01063_ Acquired 64 matter. 01079_ K-01 Serf collects debris. 01083_ Acquired 8 matter. 01091_ Acquired 10 matter. 01143_ System corrupted: Matter fused (-6). 01171_ System corrupted: Energy discharge (-70). 01183_ K-01 Serf collects debris. 01228_ EXIT=FOUND 01270_ Trooper 1a: "Hello LRC-V3. What is your command?" 01270_ Mercenary 1a: "Hello LRC-V3. What is your command?" 01270_ Trooper 1b: "Hello LRC-V3. What is your command?" 01336_ U-05 Engineer builds a Wall. 01361_ Grenade Launcher destroyed. 01368_ S-10 Pest destroyed. 01369_ Mercenary 1a destroyed. 01372_ S-10 Pest destroyed. 01376_ Aluminum Leg destroyed. 01376_ D-53 Grenadier destroyed. 01376_ Trooper 1a destroyed. Map ----- +----------------------------------------------------+ | ???????????????????????????????????# #??????????# | | ???????????????????????????????????# #????####### | | ???????????????????????????????????# #????# | | ???????????????????????????????????# #??### ###### | | ???????????????????????????????????# ??# #????? | | ???????????????????????????????????### ## ###????? | | ????????????????????????# ??????????# #??????? | | ?????????????????????? ?# ""????????#### #??????? | | ?????????????????? """ ########## #??????# | | ?????????????????????????# ! !! #??????# | | ?????????????????????????## ###### ######??????# | | ???????????????????????????????????# #??????????## | | ???????????????????????????????????# #?????????## | | ??????????????????????????????????## ###??????## | | ????????????????????????????????### ##?????# | | ???????????????????????????????## #????## | | ??????????????????????????????## #????# | | ?????????????????????????????## %< ##????# | | ????????????????????????????## #????# | | | ???????????????????????????## ### #????## | | ???????????????#???????????# # #?????## | | ??????????????## ??######## # ###??????### | | ??????????# ## # ## # ### #????????# | | ?????????# *d%% ##### ### #????????? | | ?????????# r[*[g% #???### ##????????# | | ????????????????# #### @ #?????#### #??????#### | | ?????????????????????## # ########## ######## | | ????????????????????????# u ## ## | | ????????????????????????## ######### | | ??????????????????????????##???????## ! ### | | ????????????????????????????????????## ##### | | ?????????????????????????????????????## #? | | ??????????????????????????????????????## #? | | ???????????????????????????????????????### ### #? | | ?????????????????????????????????????????# #?# ## | | ?????????????????????????????????????????# ### # | | ?????????????????????????????????????????# | | ?????????????????????????????????????????####### # | | ?????????????????????????????????????####??????# # | | ????????????????????????????????????## ######## # | | ????????????????????????????????????# # | | ????????????????????????????????????# | | ????????????????????????????????????# | | ???????????????????????????????????## | | ???????????????????????????????????# | | ??????????????????????????????????## | | ?????????????????????????????????## | | ????????????????????????????????## # | | ???????????????????????????????## ## ## | | ???????????????????????????##### #### ## ### | +----------------------------------------------------+ Best States ------------- Heat Dissipation 25 Energy Generation 10 Energy Capacity 250 Matter Stores 300 Matter Capacity 300 Sight Range 16 Terrain Scan Density 10 Armor Coverage 150 Evasion (%) 55 Item Schematics ----------------- None Robot Schematics ------------------ None Fabricated ------------ Nothing Repaired ---------- Nothing Alien Tech Used ----------------- None Achievements -------------- None Challenges ------------ None Game ------ Seed BehemothSniperNullifier Manual? 0 Play Time 00:10:17 Cumulative 150.6 hours Start 2025.08.26 @ 09:25:04 End 2025.08.26 @ 09:33:08 Sessions 1 Manual Loads 0 Difficulty Rogue Special Mode None Game No. 210 Rogue 210 Adventurer 0 Explorer 0 Win Type - Total 1 Types 1/0/0/0/0/0/0/0/0/0 Lore% 70 Gallery% 64 Achievement% 54 Wizard Run 0 Options --------- Layout 0 ASCII 0 Keyboard 0 Movement Mouse Keybinds 0 Fullscreen 1 Font 16/SmallcapsGlow Map View 75x55 Zoom Use 0% Tactical HUD 1 Map Filters NONE Filters NONE Steam 1 RUN: c7d29f69-1cf8-4504-9ec1-74dee8ecb07e